 Dungeon Sprint DCSS version 0.21.1-1-g345015f (webtiles) character file.

8766 Fang the Severer (level 11, -2/83 HPs)
             Began as a Gargoyle Berserker on July 12, 2018.
             Was the Champion of Trog.
             Killed from afar by a lindwurm (32 damage)
             ... with a blast of flame
             ... in the Dungeon (Sprint VII: "The Pits") on July 13, 2018.
             The game lasted 00:09:01 (2264 turns).

Fang the Severer (Gargoyle Berserker)               Turns: 2264, Time: 00:09:01

Health: -2/83      AC: 16    Str: 26    XL:     11   Next: 36%
Magic:  11/11      EV: 15    Int: 12    God:    Trog [******]
Gold:   0          SH:  0    Dex:  9    Spells: 10/10 levels left

rFire    . . .     SeeInvis .   u - +7 battleaxe of Resourcefulness {chop, +Fly MR+}
rCold    . . .     Gourm    .   (shield currently unavailable)
rNeg     + . .     Faith    .   b - +0 animal skin
rPois    ∞         Spirit   .   (no helmet)
rElec    +         Reflect  .   n - +2 cloak
rCorr    .         Harm     .   (no gloves)
MR       +....     NoTele   +   (no boots)
Stlth    ++++......             (no amulet)
HPRegen  0.23/turn              m - +3 ring of strength
MPRegen  0.12/turn              s - +3 ring of intelligence

@: berserk cooldown, slowed, very slow
A: rugged brown scales 1, thin metallic scales 1, negative energy resistance 1,
electricity resistance, unbreathing, petrification resistance, rot immunity, AC
+8
a: Berserk, Trog's Hand, Brothers in Arms, Burn Spellbooks, Renounce Religion,
Evoke Flight


You were in the Dungeon.
You worshipped Trog.
Trog was exalted by your worship.
You were near starving.

You visited 1 branch

Inventory:

Hand Weapons
 o - a +3 antimagic battleaxe
 p - a +2 war axe of freezing
 u - the +7 battleaxe of Resourcefulness (weapon) {chop, +Fly MR+}
   (Trog gifted it to you in the Dungeon)

   It inflicts extra damage upon your enemies.
   It affects your resistance to hostile enchantments.
   It lets you fly.
 v - a +1 battleaxe of chopping
Armour
 b - a +0 animal skin (worn)
 n - a +2 cloak (worn)
Jewellery
 m - a +3 ring of strength (left hand)
 s - a +3 ring of intelligence (right hand)
Scrolls
 i - a scroll of blinking
 k - 3 scrolls of remove curse
 l - a scroll of summoning
Potions
 a - 2 potions of invisibility
 d - 8 potions of curing
 e - 9 potions of heal wounds
 f - 3 potions of haste
 g - 4 potions of magic
 h - 4 potions of berserk rage
 j - a potion of mutation
 q - a potion of agility
 r - a potion of resistance
Comestibles
 c - 8 rations
 t - 6 chunks of flesh


   Skills:
 + Level 15.1 Fighting
 + Level 17.0 Axes
 + Level 5.2 Armour
 + Level 8.3 Dodging
 + Level 10.0 Stealth


You had 10 spell levels left.
You didn't know any spells.

Dungeon Overview and Level Annotations

Branches:
Dungeon (1/1)

Altars:
Cheibriados
Dithmenos
Elyvilon
Fedhas
Gozag
Hepliaklqana
Makhleb
Nemelex Xobeh
Okawaru
Qazlal
Ru
Sif Muna
Trog
Vehumet
Wu Jian
Xom
Yredelemnul
Zin
The Shining One
Beogh
Jiyva
Lugonu


Innate Abilities, Weirdness & Mutations

You are resistant to torment.
Your stone body is resilient. (AC +8)
You are immune to poison.
You resist negative energy. (rN+)
You are resistant to electric shocks. (rElec)
You can survive without breathing.
You are immune to petrification.
You are immune to rotting.
You are partially covered in rugged brown scales. (AC +1, +3% HP)
You are partially covered in thin metallic scales. (AC +2)


Message History

Your deep troll claws something!
Something hits you but does no damage. Something hits your deep troll.
You see here a troll corpse.
You butcher the troll corpse.
You feel your anger nearly subside.
You are no longer berserk.
You are exhausted.
You feel yourself slow down.
Your deep troll disappears in a puff of smoke!
Something hits you but does no damage.
You see here 2 chunks of flesh.
You hit something. Something hits you but does no damage. Something hits you.
Something hits you but does no damage. x2
The lindwurm breathes flames at you. The blast of flame hits you!
Something hits you. Something barely misses you.
The lindwurm breathes flames at you. The blast of flame hits you!
You die...

######## #############
#..'...# #...........+
..##)..###...........#
.###...'.##.........#
..##...#..###.....#
...##'##...###.k.###
#..#...#(..#%...@..#
'..))..'))([[[.....#
#..#...#..[#())....#
...##'##...###)..###
..##...#..###.....#
.###...'.##.........#
..##.).###...........#
#..'...# #...........+
######## #############


You could see a lindwurm.

Vanquished Creatures
  A rakshasa (D)
  A merfolk avatar (D)
  A two-headed ogre (D)
  3 deep elf magi (D)
  2 molten gargoyles (D)
  A kobold demonologist (D)
  A demonic crawler (D)
  A guardian mummy (D)
  A red devil (D)
  Grinder (D)
  A troll (D)
  A hippogriff (D)
  A fire bat (D)
  2 wraiths (D)
  A chaos spawn (D)
  A water moccasin (D)
  A floating eye (D)
  2 ice beasts (D)
  A sky beast (D)
  3 eyes of draining (D)
  A centaur (D)
  7 killer bees (D)
  A crimson imp (D)
  Crazy Yiuf (D)
  A worker ant (D)
  An ufetubus (D)
  An ooze (D)
  A leopard gecko (D)
  An orc (D)
  A giant cockroach (D)
  A hobgoblin (D)
  A kobold (D)
  A quokka (D)
  A ball python (D)
  A ball python skeleton (D)
  2 frilled lizards (D)
  2 rats (D)
52 creatures vanquished.

Vanquished Creatures (collateral kills)
  Josephine (D)
  Urug (D)
  A deep troll (D)
  A molten gargoyle (D)
  An efreet (D)
  A troll (D)
  2 wraiths (D)
  A floating eye (D)
  An orc warrior (D)
  6 killer bees (D)
  A crimson imp (D)
  A worker ant (D)
  3 orcs (D)
  A giant cockroach (D)
22 creatures vanquished.

Grand Total: 74 creatures vanquished

Notes
Turn   | Place    | Note
-------+----------+-------------------------------------------
     0 | D        | Fang the Gargoyle Berserker began the quest for the Orb.
     0 | D        | Reached XP level 1. HP: 14/14 MP: 1/1
    11 | D        | Noticed a floating eye
    14 | D        | Paralysed by a floating eye for 2 turns
    19 | D        | Killed a floating eye
    19 | D        | Reached skill level 5 in Axes
    19 | D        | Reached XP level 2. HP: 23/23 MP: 2/2
    19 | D        | Reached XP level 3. HP: 28/28 MP: 3/3
    19 | D        | Reached XP level 4. HP: 32/32 MP: 4/4
   124 | D        | Found a bloodstained altar of Trog.
   124 | D        | Found a deep blue altar of Sif Muna.
   124 | D        | Found a viscous altar of Jiyva.
   124 | D        | Found a hazy altar of Hepliaklqana.
   124 | D        | Found an opulent altar of Gozag.
   125 | D        | Found a glowing golden altar of the Shining One.
   125 | D        | Found a glowing silver altar of Zin.
   125 | D        | Found a basalt altar of Yredelemnul.
   125 | D        | Found a shimmering altar of Xom.
   125 | D        | Found an ornate altar of the Wu Jian Council.
   125 | D        | Found a sacrificial altar of Ru.
   125 | D        | Found a stormy altar of Qazlal.
   125 | D        | Found an iron altar of Okawaru.
   125 | D        | Found a sparkling altar of Nemelex Xobeh.
   125 | D        | Found a burning altar of Makhleb.
   125 | D        | Found a blossoming altar of Fedhas.
   125 | D        | Found a white marble altar of Elyvilon.
   125 | D        | Found a shadowy altar of Dithmenos.
   125 | D        | Found a snail-covered altar of Cheibriados.
   127 | D        | Found a radiant altar of Vehumet.
   127 | D        | Found a corrupted altar of Lugonu.
   127 | D        | Found a roughly hewn altar of Beogh.
   170 | D        | Reached ** piety under Trog
   178 | D        | Reached skill level 6 in Axes
   189 | D        | Reached *** piety under Trog
   198 | D        | Reached XP level 5. HP: 25/38 MP: 5/5
   355 | D        | Noticed an ice beast
   356 | D        | Noticed an ice beast
   364 | D        | Killed an ice beast
   364 | D        | Reached skill level 7 in Axes
   364 | D        | Reached XP level 6. HP: 45/45 MP: 6/6
   512 | D        | Noticed a sky beast
   513 | D        | Noticed Crazy Yiuf
   514 | D        | Noticed a water moccasin
   523 | D        | Killed a water moccasin
   523 | D        | Reached **** piety under Trog
   523 | D        | Reached skill level 8 in Axes
   527 | D        | Killed Crazy Yiuf
   527 | D        | Reached skill level 1 in Stealth
   528 | D        | Killed a sky beast
   528 | D        | Reached skill level 10 in Fighting
   528 | D        | Reached skill level 9 in Axes
   528 | D        | Reached skill level 5 in Armour
   528 | D        | Reached XP level 7. HP: 52/52 MP: 7/7
   582 | D        | Noticed a fire bat
   599 | D        | Killed a fire bat
   599 | D        | Reached skill level 10 in Axes
   801 | D        | Noticed Grinder
   804 | D        | Reached ***** piety under Trog
   825 | D        | Paralysed by Grinder for 2 turns
   829 | D        | Killed Grinder
   829 | D        | Reached skill level 11 in Axes
   829 | D        | Reached skill level 5 in Dodging
   829 | D        | Reached XP level 8. HP: 42/60 MP: 8/8
   919 | D        | Noticed a molten gargoyle
   919 | D        | Noticed an efreet
   922 | D        | Killed an efreet
   924 | D        | Killed a molten gargoyle
   924 | D        | Reached skill level 12 in Axes
  1089 | D        | Gained mutation: You are agile. (Dex +2) [potion of mutation]
  1089 | D        | Gained mutation: You are partially covered in thin metallic scales. (AC +2) [potion of mutation]
  1089 | D        | Lost mutation: You are agile. (Dex +2) [potion of mutation]
  1089 | D        | Gained mutation: You are partially covered in rugged brown scales. (AC +1, +3% HP) [potion of mutation]
  1159 | D        | Noticed a kobold demonologist
  1160 | D        | Noticed a two-headed ogre
  1160 | D        | Noticed a wraith
  1164 | D        | Noticed a guardian mummy
  1166 | D        | Killed a two-headed ogre
  1166 | D        | Reached skill level 13 in Axes
  1166 | D        | Reached XP level 9. HP: 65/69 MP: 9/9
  1179 | D        | Killed a kobold demonologist
  1179 | D        | Reached skill level 5 in Stealth
  1185 | D        | Killed a guardian mummy
  1190 | D        | Received a gift from Trog
  1207 | D        | Reached skill level 14 in Axes
  1219 | D        | Noticed Josephine
  1223 | D        | Killed Josephine
  1224 | D        | Reached XP level 10. HP: 6/76 MP: 10/10
  1225 | D        | Received a gift from Trog
  1774 | D        | Reached ****** piety under Trog
  1774 | D        | Received a gift from Trog
  1795 | D        | Reached skill level 15 in Axes
  1828 | D        | Noticed a deep elf mage
  1836 | D        | Killed a deep elf mage
  1967 | D        | Noticed a molten gargoyle
  1987 | D        | Received a gift from Trog
  1990 | D        | Killed a molten gargoyle
  2061 | D        | Noticed a deep elf mage
  2067 | D        | Killed a deep elf mage
  2088 | D        | Noticed a merfolk avatar
  2088 | D        | Noticed a deep elf mage
  2088 | D        | Noticed a rakshasa
  2095 | D        | Killed a merfolk avatar
  2095 | D        | Received a gift from Trog
  2095 | D        | Reached skill level 16 in Axes
  2095 | D        | Reached XP level 11. HP: 82/82 MP: 2/11
  2096 | D        | Killed a deep elf mage
  2101 | D        | Killed a rakshasa
  2104 | D        | Got a fine battleaxe {god gift}
  2105 | D        | Identified the +7 battleaxe of Resourcefulness {chop, +Fly MR+} (Trog gifted it to you in the Dungeon)
  2213 | D        | Noticed Urug
  2218 | D        | Received a gift from Trog
  2225 | D        | Reached skill level 15 in Fighting
  2226 | D        | Killed Urug
  2228 | D        | Received a gift from Trog
  2232 | D        | Reached skill level 10 in Stealth
  2246 | D        | Noticed a deep troll
  2249 | D        | Noticed a lindwurm
  2255 | D        | Killed a deep troll
  2255 | D        | Reached skill level 17 in Axes
  2264 | D        | Killed from afar by a lindwurm

Skill      XL: |  1  2  3  4  5  6  7  8  9 10 11 |
---------------+----------------------------------+-----
Fighting       | 6 7 8 10 11 12 13 14 15 | 15.1
Axes           | 5 6 7 9 11 13 14 16 17 | 17.0
Armour         | 3 4 5 |  5.2
Dodging        | 2 3 4 5 6 7 8 |  8.3
Stealth        | 1 2 4 5 9 10 | 10.0

Action                   |  1- 3 |  4- 6 |  7- 9 | 10-12 || total
-------------------------+-------+-------+-------+-------++-------
Melee: Hand axe          |     6 |    38 |    50 |       ||    94
       War axe           |       |       |    35 |       ||    35
       Battleaxe         |       |       |       |    57 ||    57
Invok: Berserk           |       |     2 |     3 |     3 ||     8
       Brothers in Arms  |       |       |     2 |     3 ||     5
  Use: Potion            |       |       |     2 |       ||     2
 Stab: Sleeping          |       |       |     1 |     6 ||     7
  Eat: Chunk             |       |       |     4 |     4 ||     8
       Ration            |       |       |       |     1 ||     1
Armor: Animal skin       |       |    11 |    35 |    42 ||    88
Dodge: Dodged            |       |    27 |    47 |    50 ||   124
